 Dungeon Crawl Stone Soup version 0.27.1 (webtiles) character file.

Game seed: 17959859660806512754

669 ZARRMARR the Cudgeller (level 7, 0/91 HPs)
             Began as a Minotaur Berserker on Aug 26, 2021.
             Was a Priest of Trog.
             Slain by an orc (2 damage)
             ... on level 5 of the Dungeon.
             The game lasted 00:16:29 (4507 turns).

ZARRMARR the Cudgeller (Minotaur Berserker)         Turns: 4507, Time: 00:16:30

Health: 0/91       AC: 10    Str: 23    XL:     7   Next: 32%
Magic:  6/6        EV:  8    Int:  4    God:    Trog [***...]
Gold:   141        SH:  3    Dex: 10    Spells: 6/6 levels left

rFire    . . .     SeeInvis .   o - +1 mace (vorpal)
rCold    . . .     Faith    .   b - +0 buckler
rNeg     . . .     Spirit   .   j - +0 chain mail
rPois    .         Reflect  .   (helmet restricted)
rElec    .         Harm     .   q - +0 cloak
rCorr    .         Rampage  .   (no gloves)
Will     .....                  (no boots)
Stlth    ..........             (no amulet)
HPRegen  0.25/turn              (no ring)
MPRegen  0.10/turn              (no ring)

@: berserking, very quick
A: horns 2, retaliatory headbutt
a: Renounce Religion, Berserk, Trog's Hand


You were on level 5 of the Dungeon.
You worshipped Trog.
Trog was most pleased with you.
You visited 1 branch of the dungeon, and saw 5 of its levels.

You collected 141 gold pieces.

Inventory:

Hand Weapons
 o - a +1 vorpal mace (weapon)
Armour
 b - a +0 buckler (worn)
 j - a +0 chain mail (worn)
 q - a +0 cloak (worn)
Jewellery
 h - a ring of ice
Wands
 c - a wand of digging (5)
 k - a wand of polymorph (4)
Scrolls
 a - 5 scrolls of blinking
 d - 2 scrolls of fear
 f - 3 scrolls of teleportation
 g - a scroll of holy word
 i - 2 scrolls of vulnerability
 p - 2 scrolls of magic mapping
 s - a scroll of enchant weapon
 t - 2 scrolls of amnesia {unknown}
Potions
 e - a potion of magic {unknown}
 l - a potion of flight {unknown}
 m - 2 potions of berserk rage {unknown}
 n - 2 potions of heal wounds {unknown}
 r - a potion of lignification {unknown}
 u - a potion of mutation {unknown}
 v - a potion of cancellation {unknown}
 w - a potion of haste {unknown}
 x - a potion of attraction {unknown}


   Skills:
 + Level 5.1 Fighting
 + Level 6.4 Maces & Flails
 + Level 4.4 Throwing
 + Level 3.9 Armour
 + Level 3.1 Dodging
 + Level 1.0 Shields


You had 6 spell levels left.
You didn't know any spells.
Your spell library contained the following spells:

 Spells                   Type           Power      Damage    Failure   Level
 Foxfire                  Conj/Fire      0%         2x1d4     100%        1
 Conjure Flame            Conj/Fire      0%         6-21      100%        3
 Inner Flame              Hex/Fire       0%         N/A       100%        3


Dungeon Overview and Level Annotations

Branches:
Dungeon (5/15)
 Temple: D:4-7

Altars:
Ashenzari
Cheibriados
Elyvilon
Hepliaklqana
Qazlal

Annotations:
D:4 3 runed translucent doors, Galileo's ghost, amateur OgBe


Innate Abilities, Weirdness & Mutations

You have a pair of horns on your head.
You reflexively headbutt those who attack you in melee.


Message History

The orc warrior is moderately wounded.
You hit the orc.
You kill the orc!
Trog accepts your kill.
The orc warrior hits you with a +0 halberd! x2
The orc wizard hits you but does no damage.
The orc warrior hits you with a +0 halberd!
* * * LOW HITPOINT WARNING * * *
You see here a +0 mace.
You don't know any spells.
A red film seems to cover your vision as you go berserk!
You feel yourself moving faster!
You feel mighty!
An orc comes into view. It is wielding a +0 dagger.
The orc wizard points at you and mumbles some strange words.
You resist with some effort.
The orc warrior hits you with a +0 halberd!
* * * LOW HITPOINT WARNING * * *
The orc shouts!
You are too berserk!
You thump the orc wizard!
The orc wizard is severely wounded.
The orc wizard hits you but does no damage.
You are too berserk!
You sock the orc wizard!
You kill the orc wizard!
Trog accepts your kill.
Trog appreciates your killing of a magic user.
You block the orc warrior's attack.
The orc throws a boomerang.
You block the boomerang.
You sock the orc warrior!
The orc warrior is almost dead.
You block the orc warrior's attack.
You barely miss the orc warrior.
The orc warrior is almost dead.
You block the orc warrior's attack.
You hit the orc warrior.
You kill the orc warrior!
Trog accepts your kill. The orc hits you with a +0 dagger.
You die...

.######.#
##.#
##.#.#
##.###.##
#.## #.#
##.###.##
##.#.#
##))#
##@# #o#
#.# ...
... ##...
###. ..


You could see an orc.

Vanquished Creatures
  Grinder (D:3)
  An orc warrior (D:5)
  2 hounds
  Ijyb (D:3)
  2 iguanas (D:4)
  Natasha (thrice) (D:3)
  2 orc wizards
  Robin (D:4)
  3 gnolls (D:4)
  5 adders
  An adder skeleton (D:4)
  2 worms (D:4)
  4 dart slugs
  9 orcs
  6 ball pythons
  5 bats
  9 endoplasms
  4 giant cockroaches
  19 goblins
  8 hobgoblins
  2 quokkas
  3 frilled lizards
  6 kobolds
  5 rats
104 creatures vanquished.

Vanquished Creatures (others)
  A fungus (D:2)
1 creature vanquished.

Grand Total: 105 creatures vanquished

Notes
Turn   | Place    | Note
-------+----------+-------------------------------------------
     0 | D:1      | ZARRMARR the Minotaur Berserker began the quest for the
                  | Orb.
     0 | D:1      | Reached XP level 1. HP: 19/19 MP: 0/0
   210 | D:1      | Reached XP level 2. HP: 27/27 MP: 1/1
   327 | D:1      | Reached skill level 4 in Maces & Flails
   609 | D:1      | Reached skill level 1 in Throwing
   613 | D:1      | Reached XP level 3. HP: 29/33 MP: 2/2
  1037 | D:1      | Reached ** piety under Trog
  1567 | D:2      | Found a faded altar of an unknown god.
  1576 | D:2      | Reached XP level 4. HP: 37/41 MP: 3/3
  1977 | D:2      | You fall into a shaft and drop 1 floor!
  1977 | D:3      | Noticed Natasha
  1984 | D:3      | Reached XP level 5. HP: 40/47 MP: 4/4
  1986 | D:3      | Killed Natasha
  2471 | D:3      | Noticed Natasha
  2473 | D:3      | Killed Natasha
  2482 | D:3      | Noticed Natasha
  2496 | D:3      | Killed Natasha
  2695 | D:3      | Found a snail-covered altar of Cheibriados.
  2696 | D:3      | Found a white marble altar of Elyvilon.
  2753 | D:3      | Found a stormy altar of Qazlal.
  2757 | D:3      | Noticed Ijyb
  2766 | D:3      | Killed Ijyb
  2767 | D:3      | Reached skill level 5 in Maces & Flails
  2901 | D:3      | Noticed Grinder
  2909 | D:3      | Killed Grinder
  2910 | D:3      | Reached XP level 6. HP: 55/55 MP: 5/5
  3261 | D:4      | Found a runed translucent gate.
  3262 | D:4      | Found a runed translucent gate.
  3263 | D:4      | Found a runed translucent gate.
  3290 | D:4      | Reached skill level 5 in Fighting
  3298 | D:4      | Reached skill level 1 in Shields
  3385 | D:4      | Found a hazy altar of Hepliaklqana.
  3444 | D:4      | Reached XP level 7. HP: 60/61 MP: 6/6
  3623 | D:4      | Reached skill level 6 in Maces & Flails
  3686 | D:4      | Noticed Robin
  3699 | D:4      | Killed Robin
  3838 | D:4      | Reached *** piety under Trog
  4081 | D:4      | Noticed Galileo's ghost (amateur OgBe)
  4214 | D:4      | Found a broken altar of Ashenzari.
  4484 | D:5      | Entered Level 5 of the Dungeon
  4502 | D:5      | HP: 1/91 [orc warrior (17)]
  4507 | D:5      | Slain by an orc

Illustrated notes

Levels and vault maps discovered:
D:1:      psy_arrival_radial02, layout_loops_corners, minmay_misc_feat_cross
D:2:      minmay_general_purpose_star, layout_basic,
          dreamdust_ecumenical_altar_hidden_monk_grotto
D:3:      layout_loops_ring, nicolae_qazlal_scattered_showers,
          gammafunk_temple_overflow_statue, chequers_serial_rivers_small_a,
          uniq_natasha, uniq_grinder, uniq_ijyb
D:4:      layout_layer_cave, ashenzari_altar_1, nzn_hepliaklqana_mist_gate,
          gammafunk_ghost_necromancy, kennysheep_generic_room_13, uniq_robin
D:5:      layout_loops_ring

Skill      XL: |  1  2  3  4  5  6  7 |
---------------+----------------------+-----
Maces & Flails | 4 5 6 |  6.4
Fighting       | 4 5 |  5.1
Throwing       | 1 2 4 |  4.4
Armour         | 3 |  3.9
Dodging        | 3 |  3.1
Shields        | 1 |  1.0

Action                   |  1- 3 |  4- 6 |  7- 9 || total
-------------------------+-------+-------+-------++-------
Melee: Mace              |    43 |    49 |    56 ||   148
       Headbutt          |     5 |    12 |     7 ||    24
       Morningstar       |       |    15 |       ||    15
       Unarmed           |       |    11 |       ||    11
Throw: Boomerang         |    61 |    30 |       ||    91
Invok: Berserk           |       |     5 |     2 ||     7
  Use: Scroll            |     3 |     3 |     2 ||     8
Armor: Leather armour    |    10 |       |       ||    10
       Animal skin       |     4 |       |       ||     4
       Chain mail        |    16 |    20 |    31 ||    67
       Skin              |       |     2 |       ||     2
Dodge: Dodged            |    20 |    24 |    14 ||    58
Block: Buckler           |     2 |     9 |     8 ||    19
